 Dungeon Crawl Stone Soup version 0.28.0-53-g5a82cb258f (webtiles) character file.

Game seed: 8998508746153060457

101 Zeld the Ruffian (level 4, 0/36 HPs)
             Began as a Draconian Transmuter on June 3, 2022.
             Slain by Grinder (6 damage)
             ... while paralysed by Grinder
             ... on level 4 of the Dungeon.
             The game lasted 00:02:37 (3914 turns).

Zeld the Ruffian (Draconian Transmuter)             Turns: 3914, Time: 00:02:37

Health: 0/36       AC:  7    Str: 14    XL:     4   Next: 48%
Magic:  7/8        EV:  2    Int: 14    God:
Gold:   85         SH:  0    Dex: 11    Spells: 2/8 levels left

rFire   . . .      SeeInvis .   a - +0 short sword (venom)
rCold   . . .      Faith    .   (no shield)
rNeg    . . .      Spirit   .   (armour unavailable)
rPois   .          Reflect  .   (helmet restricted)
rElec   .          Harm     .   i - +0 cloak
rCorr   .          Rampage  .   c - +0 pair of gloves
Will    .....                   (no boots)
Stlth   +.........              (no amulet)
HPRegen 0.12/turn               (no ring)
MPRegen 0.11/turn               (no ring)

@: paralysed
A: AC +5, unfitting armour, cold-blooded
a: no special abilities


You were on level 4 of the Dungeon.
You visited 1 branch of the dungeon, and saw 4 of its levels.

You collected 85 gold pieces.

Inventory:

Hand Weapons
 a - a +0 short sword of venom (weapon)
Armour
 c - a +0 pair of gloves (worn)
 i - a +0 cloak (worn)
Scrolls
 d - a scroll of blinking {unknown}
 e - a scroll of torment {unknown}
 f - a scroll of teleportation {unknown}
 g - a scroll of fear {unknown}
 h - a scroll of summoning {unknown}
 k - a scroll of fog {unknown}
 l - a scroll of enchant weapon {unknown}
 m - 2 scrolls of identify {unknown}
Potions
 b - 2 potions of curing {unknown}
 j - a potion of heal wounds {unknown}


   Skills:
 * Level 2.3 Fighting
 - Level 1.7 Dodging
 - Level 3.0 Unarmed Combat
 * Level 2.6 Spellcasting
 + Level 2.3 Transmutations
 * Level 1.8 Ice Magic
 * Level 1.8 Poison Magic


You had 2 spell levels left.
You knew the following spells:

 Your Spells              Type           Power      Damage    Failure   Level
a - Beastly Appendage     Tmut           16%        N/A       9%          1
b - Wereblood             Tmut           8%         N/A       13%         2
c - Spider Form           Tmut/Pois      7%         N/A       28%         3

Your spell library contained the following spells:

 Spells                   Type           Power      Damage    Failure   Level
 Passwall                 Tmut/Erth      4%         N/A       21%         2
 Ensorcelled Hibernation  Hex/Ice        8%         N/A       22%         2
 Swiftness                Air            1%         N/A       54%         3
 Ice Form                 Ice/Tmut       7%         N/A       67%         4
 Anguish                  Hex/Necr       0%         N/A       91%         4


Dungeon Overview and Level Annotations

Branches:
Dungeon (4/15)
 Temple: D:4-7

Altars:

Shops:
D:1 [

Annotations:
D:4 Grinder


Innate Abilities, Weirdness & Mutations

Your plain brown scales are hard. (AC +5)
You cannot fit into any form of body armour.
You are cold-blooded and may be slowed by cold attacks.


Message History

Grinder is lightly wounded.
Grinder completely misses you.
You barely miss Grinder.
Grinder is lightly wounded.
Grinder blinks!
You hit Grinder.
Grinder is poisoned.
Grinder is lightly wounded.
Grinder blinks!
You barely miss Grinder.
Grinder is moderately wounded.
Grinder barely misses you.
You hit Grinder.
Grinder is moderately wounded.
Grinder hits you but does no damage.
You hit Grinder.
Grinder looks as sick as possible!
Grinder is heavily wounded.
Grinder completely misses you.
You hit Grinder but do no damage.
Grinder looks as sick as possible!
Grinder is severely wounded.
Your transformation has ended.
Your +0 short sword of venom unmelds from your body.
Your +0 cloak unmelds from your body.
Your +0 pair of gloves unmelds from your body.
Your +0 short sword of venom begins to drip with poison!
Grinder gestures at you.
You barely resist.
Unknown command.
Grinder says, "DUCK!"
Grinder gestures at you.
You suddenly lose the ability to move!
Grinder gestures at you. Pain shoots through your body!
Grinder barely misses you. Grinder hits you.
You writhe in agony.
Grinder gestures at you.
You shrug off the repeated paralysis!
Grinder hits you!
* * * LOW HITPOINT WARNING * * *
You writhe in agony.
You die...

###.#######
##.........##
#...........
#........#
##........#
#.........#
#.........#
#.........# ..
#.@5......# ..#
#.........# ..##
#...P♣.....## #...
#...P♣♣.P...## ..#
#...♣♣♣♣..P..##.#
#..PPP♣♣PPP♣....#
#.....P.P.♣♣..P##
##....PP..♣♣P..#
##.
##.......P♣♣..#....


You could see Grinder (very poisoned).

Vanquished Creatures
  A howler monkey zombie (D:3)
  3 adders
  2 worms
  A dart slug (D:2)
  4 bats
  6 endoplasms
  2 giant cockroaches
  5 goblins
  5 hobgoblins
  3 jackals (D:3)
  3 quokkas
  3 ball pythons
  4 frilled lizards
  8 kobolds
  5 rats
55 creatures vanquished.

Vanquished Creatures (others)
  5 plants (D:4)
5 creatures vanquished.

Grand Total: 60 creatures vanquished

Notes
Turn   | Place    | Note
-------+----------+-------------------------------------------
     0 | D:1      | Zeld the Draconian Transmuter began the quest for the Orb.
     0 | D:1      | Reached XP level 1. HP: 16/16 MP: 3/3
    27 | D:1      | Found a faded altar of an unknown god.
   504 | D:1      | Reached XP level 2. HP: 10/23 MP: 3/5
   511 | D:1      | Learned a level 2 spell: Wereblood
  1106 | D:1      | Reached skill level 1 in Ice Magic
  1361 | D:1      | Found Lyclaleh's Antique Armour Shop.
  1761 | D:2      | Reached XP level 3. HP: 25/29 MP: 6/6
  1765 | D:2      | Learned a level 3 spell: Spider Form
  1885 | D:2      | Reached skill level 1 in Poison Magic
  2861 | D:3      | Reached XP level 4. HP: 36/36 MP: 7/7
  3886 | D:4      | Noticed Grinder
  3891 | D:4      | Paralysed by Grinder for 5 turns
  3908 | D:4      | Paralysed by Grinder for 7 turns
  3914 | D:4      | Slain by Grinder

Illustrated notes

Levels and vault maps discovered:
D:1:      dpeg_arrival_radiant, layout_loops_corners,
          ebering_ecumenical_altar_sacrificial, serial_shops,
          nicolae_shop_crystal
D:2:      layout_basic
D:3:      layout_basic
D:4:      layout_cave_pods, mainiacjoe_overflow_big_doors, serial_forest,
          infiniplex_forest_diagonal, infiniplex_forest_corner_2,
          infiniplex_forest_end_3, infiniplex_forest_straight_3,
          infiniplex_forest_clump_C, infiniplex_forest_clump_double,
          infiniplex_forest_clump_double, infiniplex_forest_clump_double,
          infiniplex_forest_lined_3, gup_sewer_entry_bowl, uniq_grinder

Skill      XL: |  1  2  3 |
---------------+----------+-----
Ice Magic      | 1 |  1.8
Poison Magic   | 1 |  1.8
Fighting       | 2 |  2.3
Dodging        | |  1.7
Unarmed Combat | |  3.0
Spellcasting   | |  2.6
Transmutations | |  2.3

Action                   |  1- 3 |  4- 6 || total
-------------------------+-------+-------++-------
Melee: Unarmed           |    19 |     7 ||    26
       Headbutt          |     5 |       ||     5
       Tailslap          |    16 |     6 ||    22
       Kick              |     3 |       ||     3
       Punch             |     3 |     3 ||     6
       Short sword       |    98 |    46 ||   144
 Cast: Beastly Appendage |     6 |       ||     6
       Spider Form       |       |     1 ||     1
Armor: Skin              |    46 |    21 ||    67
Dodge: Dodged            |    80 |    35 ||   115
